 Dungeon Crawl Stone Soup version 0.22.1-2-g9c5b331 (webtiles) character file.

212 nightchill the Ruffian (level 5, -1/44 (46) HPs)
             Began as a Ghoul Warper on Nov 24, 2018.
             Killed from afar by a jackal zombie (26 damage)
             ... with an exploding inner flame
             ... hexed by the player character
             ... in an ossuary.
             The game lasted 00:08:25 (3691 turns).

nightchill the Ruffian (Ghoul Warper)               Turns: 3691, Time: 00:08:25

HP:   -1/44 (46)    AC:  6    Str: 15    XL:     5   Next: 89%
MP:   8/8           EV: 10    Int:  9    God:
Gold: 180           SH:  0    Dex:  8    Spells: 9/9 levels left

rFire    . . .     SeeInvis +     - Unarmed
rCold    + . .     Gourm    .   (no shield)
rNeg     + + +     Faith    .   l - +0 ring mail
rPois    ∞         Spirit   .   m - +0 helmet
rElec    .         Reflect  .   (no cloak)
rCorr    .         Harm     .   (no gloves)
MR       .....                  (no boots)
Stlth    ..........             (no amulet)
HPRegen  0.00/turn              (no ring)
MPRegen  0.11/turn              w - ring of see invisible

@: rotting
A: rotting body, claws 1, carnivore, cold resistance 1, negative energy
resistance 3, inhibited regeneration, torment resistance, unbreathing
a: no special abilities


You were in an ossuary.
You were not hungry.

You visited 1 branch of the dungeon, and saw 4 of its levels.
You also visited: Ossuary.

You collected 180 gold pieces.

Inventory:

Missiles
 d - 5 tomahawks of dispersal (quivered)
 e - 24 stones
 i - 3 tomahawks
Armour
 a - a +0 leather armour
 l - a +0 ring mail (worn)
 m - a +0 helmet (worn)
Jewellery
 w - a ring of see invisible (right claw)
Scrolls
 c - a scroll of blinking
 o - a scroll of immolation
 p - a scroll of remove curse
Potions
 h - a potion of brilliance {unknown}
 k - 2 potions of cancellation {unknown}
 n - a potion of curing {unknown}
 t - a potion of haste {unknown}
 u - a potion of might {unknown}
 v - a potion of degeneration
Comestibles
 f - 5 rations


   Skills:
 + Level 3.6 Fighting
 - Level 0.8 Throwing
 - Level 0.8 Armour
 - Level 1.7 Dodging
 * Level 4.8 Unarmed Combat
 + Level 2.8 Spellcasting
   Level 2.6 Translocations


You had 9 spell levels left.
You didn't know any spells.
Your spell library contained the following spells:

 Spells                   Type           Power        Failure   Level  Hunger
 Blink                    Tloc           N/A          30%         2    ###....
 Shroud of Golubria       Chrm/Tloc      #.........   47%         2    ###....
 Gell's Gravitas          Tloc           #.........   52%         3    ####...
 Lesser Beckoning         Tloc           #.........   52%         3    ####...
 Teleport Other           Tloc           #.......     52%         3    ####...
 Passage of Golubria      Tloc           N/A          90%         4    #####..


Dungeon Overview and Level Annotations

Branches:
Dungeon (4/15)
 Temple: D:4-7

Altars:


Innate Abilities, Weirdness & Mutations

Your body is rotting away.
You thrive on raw meat.
You are immune to poison.
You have sharp fingernails.
You are carnivorous and can eat meat at any time.
Your flesh is cold resistant. (rC+)
You are immune to negative energy. (rN+++)
You do not regenerate when monsters are visible.
You are immune to unholy pain and torment.
You can survive without breathing.


Message History

The elf zombie hits you. The kobold zombie closely misses you.
The jackal zombie completely misses you.
You claw the elf zombie!
The elf zombie is almost destroyed.
The jackal zombie bites you but does no damage.
You closely miss the elf zombie.
The elf zombie is almost destroyed.
The jackal zombie bites you but does no damage.
The elf zombie hits you.
You claw the elf zombie!
The elf zombie explodes!
The fiery explosion engulfs the kobold zombie.
The kobold zombie explodes!
The fiery explosion engulfs the hobgoblin zombie.
The hobgoblin zombie explodes!
The fiery explosion engulfs the jackal zombie.
The jackal zombie explodes!
The fiery explosion engulfs you!
Ouch! That really hurt!
You die...

####################
#.........∩∩........
#...................
#...##############..
#§.@# #.. #§§§#
#...# #..
#§§Z####'.... #..
#ZZZ#.....∩.# #..
#.ZZ#.......# #..
#..Z#.......# #..
#.M.#.......####.#..
#...#ZZ.....Z..Z.#..
#...# #Z.# #..


You could see a mummy (inner flame), a rat zombie (inner flame), 3 hobgoblin
zombies, a kobold zombie (inner flame), an elf zombie (inner flame) and a human
zombie (inner flame).

Vanquished Creatures
  A human zombie (D:4)
  Jessica (D:3)
  A human skeleton (D:4)
  4 adders
  An ooze (D:2)
  A worm (D:3)
  A dart slug (D:3)
  A leopard gecko (D:2)
  An orc (D:3)
  9 bats
  3 giant cockroaches
  5 goblins (D:1)
  6 hobgoblins
  3 jackals (D:3)
  A quokka (D:3)
  2 frilled lizards (D:3)
  6 hobgoblin zombies (Ossuary)
  11 kobolds
  6 kobold zombies (Ossuary)
  3 orc skeletons (D:4)
  10 orc zombies
  23 rats
100 creatures vanquished.

Notes
Turn   | Place    | Note
-------+----------+-------------------------------------------
     0 | D:1      | nightchill the Ghoul Warper began the quest for the Orb.
     0 | D:1      | Reached XP level 1. HP: 17/17 MP: 2/2
    50 | D:1      | Reached XP level 2. HP: 17/25 MP: 3/3
   474 | D:1      | Reached skill level 3 in Unarmed Combat
   657 | D:1      | Reached XP level 3. HP: 26/30 MP: 5/5
  2021 | D:2      | Reached XP level 4. HP: 37/37 MP: 6/6
  2510 | D:3      | Reached skill level 4 in Unarmed Combat
  2736 | D:3      | Noticed Jessica
  2747 | D:3      | Killed Jessica
  2747 | D:3      | Reached XP level 5. HP: 45/45 MP: 7/7
  3328 | D:4      | Found a sand-covered staircase.
  3333 | Ossuary  | Entered an ossuary
  3691 | Ossuary  | Killed from afar by a jackal zombie

Skill      XL: |  1  2  3  4 |
---------------+-------------+-----
Spellcasting   | 2 |  2.8
Unarmed Combat | 3 4 |  4.8
Fighting       | 3 |  3.6
Throwing       | |  0.8
Armour         | |  0.8
Dodging        | |  1.7
Translocations | |  2.6

Action                   |  1- 3 |  4- 6 || total
-------------------------+-------+-------++-------
Melee: Unarmed           |   164 |   214 ||   378
       Punch             |       |     1 ||     1
  Use: Scroll            |       |     9 ||     9
  Eat: Chunk             |     6 |     6 ||    12
Armor: Leather armour    |    47 |       ||    47
       Ring mail         |     1 |    75 ||    76
Dodge: Dodged            |   120 |   108 ||   228
